AoeStats
← Lobo Gélido

Arabia

508919413Analyzed
1v1 RM · 7d ago on Sep 24, 2026· 47m 15s· 2 players
Game mode
Random Map
Map size
Tiny (2 player)
Population
200
Speed
Normal
Resources
Standard
Victory
Conquest
Starting age
Dark Age
Ending age
Imperial Age
RankedLock teamsTeams togetherTeam positionsShared explorationLock speedFull tech treeHidden civsTurbo modeCheats
Victory
Defeat
🇫🇷 Koreans · France
1090
+14
🇵🇪 Japanese · Peru
1048
-14
Lobo Gélido
4:41 Loom
12:03 Feudal Age
12:44 Horse Collar
18:01 Double-Bit Axe
22:05 Castle Age
22:46 Fletching
25:38 Padded Archer Armor
27:24 Stone Mining
27:52 Bodkin Arrow
34:05 Leather Archer Armor
33:59 Gold Mining
35:09 Scale Mail Armor
36:14 Bow Saw
38:23 Squires
39:42 Chain Mail Armor
39:42 Arson
40:39 Forging
42:06 Iron Casting
43:22 Husbandry
43:32 Bloodlines
44:41 Wheelbarrow
49:48 Imperial Age
Shelly-Ann
7:31 Loom
9:50 Feudal Age
11:11 Double-Bit Axe
14:57 Fletching
22:21 Castle Age
20:38 Gold Mining
22:24 Crossbowman
23:02 Bodkin Arrow
25:44 Forging
26:11 Thumb Ring
28:48 Iron Casting
31:38 Ballistics
32:57 Scale Barding Armor
35:27 Imperial Age
33:34 Wheelbarrow
34:23 Chain Barding Armor
33:25 Light Cavalry
36:47 Bracer
38:36 Hand Cart
41:52 Conscription
40:55 Hussar
43:16 Husbandry
47:07 Chemistry
46:03 Murder Holes
47:26 Bow Saw
Connection lost

Rejoining the realm…

Still unreachable

The connection could not be restored.

Session expired

The server has moved on; the page needs a fresh start.